 Dungeon Crawl Stone Soup version 0.25-a0-663-gace7076 (webtiles) character file.

Game seed: 18053710497127304842, levelgen mode: deterministic

13 Charmandara the Shooter (level 2, -1/16 HPs)
             Began as a Deep Elf Hunter on Mar 25, 2020.
             Slain by an adder (2 damage)
             ... on level 2 of the Dungeon.
             The game lasted 00:01:02 (428 turns).

Charmandara the Shooter (Deep Elf Hunter)            Turns: 428, Time: 00:01:03

Health: -1/16      AC:  5    Str:  9    XL:     2   Next: 24%
Magic:  4/4        EV: 12    Int: 15    God:
Gold:   13         SH:  0    Dex: 15    Spells: 1/1 levels left

rFire    + . .     SeeInvis .   b - +0 short sword
rCold    . . .     Gourm    .   (no shield)
rNeg     . . .     Faith    .   h - +2 leather armour {rF+}
rPois    .         Spirit   .   (no helmet)
rElec    .         Reflect  .   (no cloak)
rCorr    .         Harm     .   (no gloves)
MR       .....                  (no boots)
Stlth    ++........             (no amulet)
HPRegen  0.05/turn              (no ring)
MPRegen  0.09/turn              (no ring)

@: lethally poisoned (-1 -> -7)
A: no striking features
a: no special abilities


You were on level 2 of the Dungeon.
You were not hungry.

You visited 1 branch of the dungeon, and saw 2 of its levels.

You collected 13 gold pieces.

Inventory:

Hand Weapons
 a - a +1 shortbow
 b - a +0 short sword (weapon)
Missiles
 d - 17 arrows
Armour
 h - a +2 leather armour of fire resistance (worn)
   (You found it on level 1 of the Dungeon)
Comestibles
 f - 2 rations
 g - 2 chunks of flesh {@w0}


   Skills:
 - Level 1.5 Fighting
 * Level 5.0 Bows
 - Level 2.4 Dodging
 - Level 1.2 Stealth


You had one spell level left.
You didn't know any spells.
Your spell library was empty.

Dungeon Overview and Level Annotations

Branches:
Dungeon (2/15)

Altars:


Message History

MASSIVE DAMAGE!!
The jackal barely misses you. The jackal closely misses you.
Found a stone staircase leading up.
The jackal closely misses you.
You hit the jackal. The jackal closely misses you. The jackal misses you.
You hit the jackal.
You kill the jackal!
You have reached level 2!
The jackal closely misses you.
You regained 3 hp, and now have 12/16 hp.
MP restored: 4 You barely miss the jackal.
The jackal bites you but does no damage.
You closely miss the jackal. The jackal barely misses you.
The jackal bites you but does no damage.
You hit the jackal but do no damage.
The jackal bites you but does no damage.
The jackal barely misses you.
You hit the jackal but do no damage. The jackal closely misses you.
You barely miss the jackal. The jackal barely misses you.
The jackal completely misses you.
You closely miss the jackal. The jackal closely misses you.
You hit the jackal.
The jackal bites you but does no damage.
The jackal bites you.
You take 1 damage, and have 12/16 hp.
You hit the jackal but do no damage. The jackal barely misses you.
You hit the jackal but do no damage.
The jackal bites you but does no damage.
The jackal misses you.
You hit the jackal.
You kill the jackal!
Your Bows skill increases to level 5!
The jackal barely misses you.
You closely miss the jackal. The jackal barely misses you.
You hit the jackal but do no damage.
The jackal bites you but does no damage.
The jackal closely misses you.
You closely miss the jackal.
The jackal bites you but does no damage.
You hit the jackal. The jackal misses you. The jackal barely misses you.
You closely miss the jackal. The jackal misses you.
You completely miss the jackal.
The jackal bites you but does no damage.
The jackal barely misses you.
You hit the jackal. The jackal bites you. x2
You take 5 damage, and have 7/16 hp.
MASSIVE DAMAGE!!
You hit the jackal.
You kill the jackal!
The jackal bites you but does no damage.
You closely miss the jackal.
The jackal bites you but does no damage.
You miss the jackal. The jackal barely misses you.
The jackal closely misses you.
You miss the jackal. The jackal closely misses you.
You hit the jackal. The jackal bites you.
The jackal bites you but does no damage.
You take 1 damage, and have 6/16 hp.
You hit the jackal.
You kill the jackal!
You start resting.
An adder comes into view.
You regained 4 hp, and now have 10/16 hp.
a - a +1 shortbow (weapon)
The adder hisses angrily.
Firing (i - inventory)
d - 18 arrows (quivered)
Aim: an adder You shoot an arrow.
The arrow completely misses the adder.
b - a +0 short sword (weapon)
The adder bites you.
You are poisoned.
The adder poisons you!
You take 1 damage, and have 9/16 hp.
You aren't carrying any potions.
You aren't carrying any potions.
Okay, then.
You feel sick.
You take 1 damage, and have 8/16 hp.
As you read the scroll labeled ZORCHU KEINENNU, it crumbles to dust.
You feel blessed for a moment.
It was a scroll of remove curse.
You feel sick. The adder bites you but does no damage.
You take 1 damage, and have 7/16 hp.
Unknown command.
The adder bites you.
There is a stone staircase leading up here.
You take 1 damage, and have 6/16 hp.
You feel sick. The adder bites you.
* * * LOW HITPOINT WARNING * * *
You take 4 damage, and have 2/16 hp.
MASSIVE DAMAGE!!
The adder barely misses you.
* * * LOW HITPOINT WARNING * * *
You feel sick.
The adder bites you but does no damage. x2
You take 1 damage, and have 1/16 hp.
Unknown command.
The adder misses you.
Unknown command.
The adder bites you.
You die...

#.# ..#
..#
####..#
#..(#
#.#.#
#.#.#
#S#.#
#@#.#
###.#
..# ..#


You could see an adder.

Vanquished Creatures
  A leopard gecko (D:1)
  3 bats (D:1)
  A giant cockroach (D:1)
  A hobgoblin (D:1)
  4 jackals (D:2)
10 creatures vanquished.

Notes
Turn   | Place    | Note
-------+----------+-------------------------------------------
     0 | D:1      | Charmandara the Deep Elf Hunter began the quest for the
                  | Orb.
     0 | D:1      | Reached XP level 1. HP: 12/12 MP: 3/3
   305 | D:1      | You fall into a shaft and drop 1 floor!
   313 | D:2      | Reached XP level 2. HP: 12/16 MP: 4/4
   323 | D:2      | Reached skill level 5 in Bows
   424 | D:2      | HP: 2/16 [adder (3)]
   428 | D:2      | Slain by an adder

Levels and vault maps discovered:
D:1:      saegor_arrival_under_anarchy, layout_basic, minmay_ruptured
D:2:      kennysheep_big_flooded_room, layout_basic, old_standard_altar,
          grunt_decor_one_mirror

Skill      XL: |  1  2 |
---------------+-------+-----
Bows           | 5 |  5.0
Fighting       | |  1.5
Dodging        | |  2.4
Stealth        | |  1.2

Action                   || total
-------------------------++-------
Melee: Short sword       ||    33
 Fire: Shortbow          ||    15
  Use: Scroll            ||     1
Armor: Leather armour    ||    18
Dodge: Dodged            ||    40

Table legend:
 A = Non-vault XP
 B = Vault XP
 C = Vault XP percentage of total XP
 D = Non-vault monster count
 E = Vault monster count
 F = Vault count percentage of total count
                 A         B        C        D         E       F
            +---------+---------+-------+---------+---------+-------
      Total |      19 |       0 |   0.0 |      10 |       0 |   0.0
            +---------+---------+-------+---------+---------+-------
        D:1 |      11 |       0 |   0.0 |       6 |       0 |   0.0
        D:2 |       8 |       0 |   0.0 |       4 |       0 |   0.0
            +---------+---------+-------+---------+---------+-------

Levels and vault maps discovered:
D:1:      saegor_arrival_under_anarchy, layout_basic, minmay_ruptured
D:2:      kennysheep_big_flooded_room, layout_basic, old_standard_altar,
          grunt_decor_one_mirror

Table legend:
 A = Turns spent in this place as a percentage of turns spent in the entire game.
 B = Non-inter-level travel turns spent in this place as a percentage of non-inter-level travel turns spent in the entire game.
 C = Inter-level travel turns spent in this place as a percentage of turns spent in this place.
 D = Turns resting spent in this place as a percentage of non-inter-level travel turns spent in this place.
 E = Turns spent auto-exploring this place as a percentage of non-inter-level travel turns spent in this place.
 F = Non-inter-level travel turns spent in this place divided by the number of levels of this place that you've seen.
                   A       B       C       D       E      F
               +-------+-------+-------+-------+-------+----------------------
         Total | 100.0 | 100.0 |   0.0 |  29.0 |  42.3 | 214.0
       Dungeon | 100.0 | 100.0 |   0.0 |  29.0 |  42.3 | 214.0
               +-------+-------+-------+-------+-------+----------------------

Table legend:
 A = Kills in this place as a percentage of kills in entire the game.
 B = Kills by you in this place as a percentage of kills by you in the entire game.
 C = Kills by friends in this place as a percentage of kills by friends in the entire game.
 D = Other kills in this place as a percentage of other kills in the entire game.
 E = Experience gained in this place as a percentage of experience gained in the entire game.
 F = Experience gained in this place divided by the number of levels of this place that you have seen.
                   A       B       C       D       E      F
               +-------+-------+-------+-------+-------+----------------------
         Total | 100.0 | 100.0 |   N/A |   N/A | 100.0 |   9.5
       Dungeon | 100.0 | 100.0 |   N/A |   N/A | 100.0 |   9.5
               +-------+-------+-------+-------+-------+----------------------
